 Dungeon Crawl Stone Soup version 0.28-a0-461-g2dc4ca5097 (webtiles) character file.

Game seed: 15069578232875710530

628 heikuro the Skirmisher (level 7, -10/56 HPs)
             Began as a Formicid Fighter on Sept 13, 2021.
             Was an Initiate of Gozag.
             Mangled by an orc warrior (15 damage)
             ... on level 4 of the Dungeon.
             The game lasted 00:08:32 (5754 turns).

heikuro the Skirmisher (Formicid Fighter)           Turns: 5754, Time: 00:08:32

Health: -10/56     AC:  9    Str: 22    XL:     7   Next: 77%
Magic:  7/7        EV:  8    Int:  8    God:    Gozag
Gold:   215        SH:  4    Dex: 10    Spells: 6/6 levels left

rFire   . . .      SeeInvis +   x - +0 long sword
rCold   . . .      Faith    .   c - +0 buckler
rNeg    . . .      Spirit   .   o - +0 chain mail
rPois   .          Reflect  .   (helmet unavailable)
rElec   .          Harm     .   (no cloak)
rCorr   .          Rampage  .   (no gloves)
Will    .....                   (no boots)
Stlth   ..........              t - amulet of the acrobat
HPRegen 0.18/turn               (no ring)
MPRegen 0.10/turn               (no ring)

@: gold aura
A: permanent stasis, dig shafts and tunnels, antennae 3, four strong arms
a: Dig, Shaft Self, Renounce Religion, Potion Petition, Call Merchant, Bribe
Branch


You were on level 4 of the Dungeon.
You worshipped Gozag.
Gozag was aware of your devotion.
You visited 2 branches of the dungeon, and saw 5 of its levels.

You collected 269 gold pieces.
You paid 54 gold pieces to Gozag.

Inventory:

Hand Weapons
 a - a +0 trident
 j - a +0 short sword
 x - a +0 long sword (weapon)
Missiles
 b - a throwing net
 n - 17 poisoned darts (quivered)
Armour
 c - a +0 buckler (worn)
 o - a +0 chain mail (worn)
Jewellery
 t - an amulet of the acrobat (around neck)
Wands
 v - a wand of acid (19)
Scrolls
 f - a scroll of fear {unknown}
 i - 3 scrolls of amnesia
 k - a scroll of vulnerability {unknown}
 l - 2 scrolls of enchant armour {unknown}
 m - 2 scrolls of identify
 r - 2 scrolls of blinking {unknown}
 s - a scroll of magic mapping {unknown}
 u - a scroll of teleportation {unknown}
Potions
 d - a potion of might
 e - 2 potions of flight
 g - 5 potions of curing
 h - a potion of attraction
 p - a potion of resistance
 q - 2 potions of heal wounds
 w - a potion of lignification {unknown}


   Skills:
 + Level 5.3 Fighting
 - Level 0.3(3.0) Short Blades
 * Level 4.9 Long Blades
 - Level 2.8 Polearms
 + Level 5.3 Armour
 - Level 3.6 Shields


You had 6 spell levels left.
You didn't know any spells.
Your spell library contained the following spells:

 Spells                   Type           Power      Damage    Failure   Level
 Ensorcelled Hibernation  Hex/Ice        0%         N/A       99%         2
 Slow                     Hex            0%         N/A       99%         2
 Confusing Touch          Hex            0%         N/A       100%        3
 Lesser Beckoning         Tloc           0%         N/A       100%        3
 Tukima's Dance           Hex            0%         N/A       100%        3
 Vampiric Draining        Necr           0%         2d6       100%        3
 Manifold Assault         Tloc           0%         N/A       100%        5
 Yara's Violent Unravell  Hex/Tmut       0%         3d3       100%        5
 Blink                    Tloc           Unusable   N/A       N/A         2

Dungeon Overview and Level Annotations

Branches:
Dungeon (4/15)             Temple (1/1) D:4

Altars:
Ashenzari
Cheibriados
Dithmenos
Elyvilon
Fedhas
Gozag
Hepliaklqana
Makhleb
Nemelex Xobeh
Sif Muna
Vehumet
Wu Jian
Xom

Shops:
D:1 (

Annotations:
D:4 2 runed translucent doors, gregwegmann's ghost, amateur GrFi


Innate Abilities, Weirdness & Mutations

You cannot be hasted, slowed, berserked, paralysed or teleported.
You can dig through walls and to a lower floor.
You have a pair of large antennae on your head. (SInv)
Your four strong arms can wield two-handed weapons with a shield.


Message History

You closely miss the orc wizard. You block the orc wizard's attack.
You hit the orc wizard.
The orc wizard is moderately wounded.
The orc wizard hits you but does no damage.
You barely miss the orc wizard.
The orc wizard is moderately wounded.
The orc wizard closely misses you.
You hit the orc wizard.
The orc wizard is severely wounded.
You block the orc wizard's attack. The orc wizard barely misses you.
You hit the orc wizard.
You kill the orc wizard!
No target in view!
No target in view!
An orc warrior comes into view. It is wielding a +0 vorpal war axe.
The orc warrior shouts!
Things that are here:
7 gold pieces; a +1 dagger of holy wrath; a +0 robe The orc warrior barely misses you.
You hit the orc warrior but do no damage.
The orc warrior hits you with a +0 vorpal war axe.
You closely miss the orc warrior.
The orc warrior hits you with a +0 vorpal war axe!
You hit the orc warrior.
The orc warrior is lightly wounded.
The orc warrior is distracted by your dazzling golden aura.
You closely miss the orc warrior.
The orc warrior is no longer distracted by gold.
The orc warrior shouts!
The orc warrior is lightly wounded.
The orc warrior closely misses you.
You closely miss the orc warrior.
The orc warrior is lightly wounded.
The orc warrior hits you with a +0 vorpal war axe! x2
* * * LOW HITPOINT WARNING * * *
x2 You slash the orc warrior!
The orc warrior is moderately wounded.
The orc warrior hits you with a +0 vorpal war axe!
You die...
Your body crumbles into a pile of gold.

.###...###.####.#.....#
##### .# #...# #.#
#.#.###.# .#
#..>###.####...###.# .#
#..#....#........#.# .#
#..#.####...####.#.#####
.###..#.#
##...##........#
......#.#
##...##.#.###.#
......#.##
##..$##....#.#
......#..# ##@..##.#.#.#
.##[#.#..# #o#...###.#.#
.........#
..###.:.##.#.#
......#.## #.. ._.##...#
#######.# ## #########
###


You could see an orc warrior.

Vanquished Creatures
  Grinder (D:4)
  Menkaure (D:4)
  A water moccasin skeleton (D:4)
  2 hounds (D:4)
  A jelly (D:4)
  An orc wizard (D:4)
  3 gnolls
  5 adders
  3 worms
  A dart slug (D:4)
  2 orcs (D:3)
  5 bats
  10 endoplasms
  8 giant cockroaches
  8 goblins
  4 hobgoblins
  3 quokkas
  6 ball pythons
  6 frilled lizards
  6 kobolds
  7 rats
84 creatures vanquished.

Notes
Turn   | Place    | Note
-------+----------+-------------------------------------------
     0 | D:1      | heikuro the Formicid Fighter began the quest for the Orb.
     0 | D:1      | Reached XP level 1. HP: 18/18 MP: 1/1
   169 | D:1      | Reached XP level 2. HP: 24/24 MP: 2/2
   458 | D:1      | Reached XP level 3. HP: 24/29 MP: 3/3
   912 | D:1      | Found Kuphig's Weapon Shop.
  1062 | D:1      | Found a faded altar of an unknown god.
  2021 | D:2      | Reached XP level 4. HP: 37/37 MP: 4/4
  2173 | D:2      | Reached skill level 1 in Long Blades
  2865 | D:2      | Reached XP level 5. HP: 5/42 MP: 5/5
  4176 | D:4      | Noticed Menkaure
  4260 | D:4      | Found a staircase to the Ecumenical Temple.
  4270 | Temple   | Entered the Ecumenical Temple
  4460 | Temple   | Became a worshipper of Gozag Ym Sagoz the Greedy
  4551 | D:4      | Reached XP level 6. HP: 12/49 MP: 6/6
  4889 | D:4      | Killed Menkaure
  4963 | D:4      | Noticed Grinder
  4987 | D:4      | Killed Grinder
  4988 | D:4      | Reached skill level 5 in Fighting
  4988 | D:4      | Reached skill level 5 in Armour
  4988 | D:4      | Reached XP level 7. HP: 25/56 MP: 7/7
  5412 | D:4      | Found a large runed translucent door.
  5413 | D:4      | Found a large runed translucent door.
  5416 | D:4      | Noticed gregwegmann's ghost (amateur GrFi)
  5739 | D:4      | Found a shimmering blue altar of Sif Muna.
  5754 | D:4      | Mangled by an orc warrior

Illustrated notes

Levels and vault maps discovered:
D:1:      scummos_arrival_star, layout_loops_corners,
          shapermc_ecumenical_altar_pompeii, serial_shops, nicolae_shop_crystal,
          minmay_misc_feat_room
D:2:      layout_loops_corners, grunt_decor_junction
D:3:      layout_basic, minmay_starry_boxes
D:4:      layout_basic, nzn_overflow_gifts_of_might_and_magic, zin_statuary,
          minmay_temple_entry_grid, ebering_ghost_disaster_area,
          eino_tiny_chamber, uniq_menkaure, uniq_grinder
Temple:   hc_temple_tempest_star

Skill      XL: |  1  2  3  4  5  6 |
---------------+-------------------+-----
Long Blades    | 2 3 4 |  4.9
Armour         | 4 5 |  5.3
Fighting       | 4 5 |  5.3
Short Blades   | |  0.3
Polearms       | |  2.8
Shields        | |  3.6

Action                   |  1- 3 |  4- 6 |  7- 9 || total
-------------------------+-------+-------+-------++-------
Melee: Trident           |   131 |   157 |    12 ||   300
       Short sword       |     7 |       |       ||     7
       Long sword        |       |       |    19 ||    19
Throw: Dart              |       |     4 |       ||     4
  Use: Scroll            |       |     6 |       ||     6
       Potion            |       |     1 |       ||     1
Armor: Scale mail        |    54 |     3 |       ||    57
       Chain mail        |       |    39 |    11 ||    50
Dodge: Dodged            |    36 |    39 |    12 ||    87
Block: Buckler           |    20 |    19 |     2 ||    41

Table legend: (Time is in decaauts)
 A = Elapsed time spent in this place.
 B = Non-inter-level travel time spent in this place.
 C = Inter-level travel time spent in this place.
 D = Time resting spent in this place.
 E = Time spent auto-exploring this place.
 F = Levels seen in this place.
 G = Mean time per level.
                   A        B        C        D        E       F      G
               +--------+--------+--------+--------+--------+-----+--------+
         Total |   5810 |   5445 |    365 |   1594 |   2913 |   5 | 1162.0 |
       Dungeon |   5608 |   5257 |    351 |   1594 |   2737 |   4 | 1402.0 |
        Temple |    202 |    188 |     14 |      0 |    176 |   1 |  202.0 |
               +--------+--------+--------+--------+--------+-----+--------+

Top non-repeatable levels by time:
     D:2: 1803 daAuts
     D:4: 1384 daAuts
     D:1: 1239 daAuts
     D:3: 1180 daAuts
  Temple: 202 daAuts
